 Dungeon Crawl Stone Soup version 0.28-a0-792-g75f770b44e (webtiles) character file.

Game seed: 7317573248377540613

1 Grim the Magician (level 1, 5/15 HPs)
             Began as a Djinni Fire Elementalist on Nov 3, 2021.
             Quit the game on level 1 of the Dungeon.
             The game lasted 00:01:04 (49 turns).

Grim the Magician (Djinni Fire Elementalist)          Turns: 49, Time: 00:01:04

Health: 5/15       AC:  2    Str:  7    XL:     1   Next: 22%
Gold:   0          EV: 12    Int: 16    God:
                   SH:  0    Dex: 13

rFire   + + .      SeeInvis .   (no weapon)
rCold   x . .      Faith    .   (no shield)
rNeg    . . .      Spirit   .   a - +0 robe
rPois   ∞          Reflect  .   (no helmet)
rElec   .          Harm     .   (no cloak)
rCorr   .          Rampage  .   (no gloves)
Will    .....                   (boots unavailable)
Stlth   ++........              (no amulet)
HPRegen 0.05/turn               (no ring)
MPRegen 0.00/turn               (no ring)

@: flying
A: sickness immunity, fire resistance 2, cold vulnerability 1, float, innate
caster, hp casting, extra vitality 1
a: no special abilities


You were on level 1 of the Dungeon.
You visited 1 branch of the dungeon, and saw 1 of its levels.

Inventory:

Armour
 a - a +0 robe (worn)
Scrolls
 b - a scroll of identify {unknown}


   Skills:
 - Level 2.1 Dodging
 - Level 1.5 Stealth
 + Level 2.4 Spellcasting


You couldn't memorise any spells.
You knew the following spells:

 Your Spells              Type           Power      Damage    Failure   Level
a - Foxfire               Conj/Fire      36%        2x1d5     7%          1
b - Scorch                Fire           18%        2d5       11%         2
c - Conjure Flame         Conj/Fire      9%         6-21      22%         3
d - Inner Flame           Hex/Fire       9%         N/A       22%         3
e - Flame Wave            Conj/Fire      9%         3d4       56%         4
Your spell library was empty.

Dungeon Overview and Level Annotations

Branches:
Dungeon (1/15)

Altars:


Innate Abilities, Weirdness & Mutations

You are immune to sickness and miasma.
You are immune to poison.
Your flesh is very heat resistant. (rF++)
You are vulnerable to cold. (rC-)
You float through the air rather than walking.
You learn spells naturally, not from books.
Your magical power is your life essence.
You have superior vitality. (+4 HP)


Message History

You conjure some foxfire!
Your foxfire dissipates!
The foxfire hits the giant cockroach.
The giant cockroach is heavily wounded.
Unknown command.
Casting: Foxfire (safe; 7% risk of failure)
Confirm with . or Enter, or press ? or * to list all spells.
You conjure some foxfire!
The giant cockroach barely misses you.
Drop what? 2/52 slots (_ for help) (? for menu, Esc to quit)
Okay, then.
Your foxfire dissipates!
Casting: Foxfire (safe; 7% risk of failure)
Confirm with . or Enter, or press ? or * to list all spells.
You conjure some foxfire!
* * * LOW HITPOINT WARNING * * *
The giant cockroach barely misses you.
Your foxfire dissipates!
The giant cockroach bites you.
* * * LOW HITPOINT WARNING * * *
Casting: Foxfire (safe; 7% risk of failure)
Confirm with . or Enter, or press ? or * to list all spells.
You conjure some foxfire!
* * * LOW HITPOINT WARNING * * *
The giant cockroach closely misses you.
The foxfire hits the giant cockroach.
The giant cockroach is severely wounded.
The giant cockroach barely misses you.
Casting: Foxfire (safe; 7% risk of failure)
Confirm with . or Enter, or press ? or * to list all spells.
You conjure some foxfire!
* * * LOW HITPOINT WARNING * * *
The giant cockroach barely misses you. The giant cockroach closely misses you.
Your foxfire dissipates!
Casting: Foxfire (safe; 7% risk of failure)
Confirm with . or Enter, or press ? or * to list all spells.
You conjure some foxfire!
* * * LOW HITPOINT WARNING * * *
The giant cockroach bites you but does no damage.
Your foxfire dissipates!
Are you sure you want to abandon this character and quit the game? (Confirm with "yes".)

##. #.###+###
#.#.....#
#.#.#.....#
+.#.'..<..+
#.#.#.....#
#.#.#.....#
#.#§###+###.#
#.##B@.....#
#.#J#######.#
#..#v......#
#.###########.#
#..J..........#
#######'#######
#)# #†# .J#


You could see an endoplasm and a giant cockroach.

Vanquished Creatures
  A ball python (D:1)
  A kobold (D:1)
2 creatures vanquished.

Vanquished Creatures (others)
  5 foxfires (D:1)
5 creatures vanquished.

Grand Total: 7 creatures vanquished

Notes
Turn   | Place    | Note
-------+----------+-------------------------------------------
     0 | D:1      | Grim the Djinni Fire Elementalist began the quest for the
                  | Orb.
     0 | D:1      | Reached XP level 1. HP: 15/15 MP: 0/0
    49 | D:1      | Quit the game

Illustrated notes

Levels and vault maps discovered:
D:1:      matt_arrival_los_fun, layout_basic,
          dreamdust_ecumenical_altar_hidden_monk_grotto, minmay_surrounded

Action                   || total
-------------------------++-------
Melee: Unarmed           ||     1
 Cast: Foxfire           ||     8
Armor: Robe              ||     1
Dodge: Dodged            ||     8

Table legend: (Time is in decaauts)
 A = Elapsed time spent in this place.
 B = Non-inter-level travel time spent in this place.
 C = Inter-level travel time spent in this place.
 D = Time resting spent in this place.
 E = Time spent auto-exploring this place.
 F = Levels seen in this place.
 G = Mean time per level.
                   A        B        C        D        E       F      G
               +--------+--------+--------+--------+--------+-----+--------+
         Total |     49 |     49 |      0 |      0 |     23 |   1 |   49.0 |
       Dungeon |     49 |     49 |      0 |      0 |     23 |   1 |   49.0 |
               +--------+--------+--------+--------+--------+-----+--------+

Top non-repeatable levels by time:
     D:1: 49 daAuts
